 Dungeon Crawl Stone Soup version 0.28.0-45-g0d030f2227 (webtiles) character file.

Game seed: 16651065022064269428

50 brightshaft the Conjurer (level 3, -1/26 HPs)
             Began as a Demigod Conjurer on Apr 16, 2022.
             Killed by nerve-wracking pain
             ... invoked by Jessica
              (4 damage)
             ... on level 1 of the Dungeon.
             The game lasted 00:02:06 (1219 turns).

brightshaft the Conjurer (Demigod Conjurer)         Turns: 1219, Time: 00:02:06

Health: -1/26      AC:  2    Str:  8    XL:     3   Next: 35%
Magic:  6/9        EV: 12    Int: 24    God:
Gold:   67         SH:  0    Dex: 12    Spells: 3/6 levels left

rFire   . . .      SeeInvis .   (no weapon)
rCold   . . .      Faith    .   (no shield)
rNeg    . . .      Spirit   .   a - +0 robe
rPois   .          Reflect  .   (no helmet)
rElec   .          Harm     .   (no cloak)
rCorr   .          Rampage  .   (no gloves)
Will    .....                   (no boots)
Stlth   ++........              (no amulet)
HPRegen 0.08/turn               (no ring)
MPRegen 0.11/turn               (no ring)

@: no status effects
A: high MP 1, forlorn, divine attributes
a: no special abilities


You were on level 1 of the Dungeon.
You visited 1 branch of the dungeon, and saw 2 of its levels.

You collected 67 gold pieces.

Inventory:

Missiles
 b - 8 poisoned darts
Armour
 a - a +0 robe (worn)
Scrolls
 d - a scroll of vulnerability {unknown}
 e - a scroll of silence {unknown}
Potions
 c - a potion of mutation {unknown}


   Skills:
 - Level 1.8 Dodging
 - Level 1.9 Stealth
 + Level 2.3 Spellcasting
 * Level 4.4 Conjurations


You had 3 spell levels left.
You knew the following spells:

 Your Spells              Type           Power      Damage    Failure   Level
a - Magic Dart            Conj           96%        1d7       1%          1
b - Searing Ray           Conj           48%        2d6       2%          2

Your spell library contained the following spells:

 Spells                   Type           Power      Damage    Failure   Level
 Dazzling Flash           Conj/Hex       26%        N/A       14%         3
 Fulminant Prism          Conj/Hex       6%         3d7       43%         4
 Iskenderun's Mystic Bla  Conj/Tloc      13%        2d5       43%         4


Dungeon Overview and Level Annotations

Branches:
Dungeon (2/15)

Shops:
D:1 !

Annotations:
D:1 Jessica


Innate Abilities, Weirdness & Mutations

You have an increased reservoir of magic. (+10% MP)
You shall have no god before yourself.
Your divine heritage dramatically boosts your attributes as you level up.


Message History

The magic dart hits Jessica.
Jessica is severely wounded.
Jessica drinks a potion.
Jessica flickers and vanishes!
Deactivating autopickup; reactivate with Ctrl-A.
You can't see any susceptible monsters within range! (Use Z to cast anyway.)
You can't see any susceptible monsters within range! (Use Z to cast anyway.)
You can't see any susceptible monsters within range! (Use Z to cast anyway.)
Something hits you.
You hear some strange, mumbled words.
You feel yourself speed up. Something hits you.
Something hits you but does no damage.
Found a stone staircase leading up.
You hear some strange, mumbled words.
You hear some strange, mumbled words.
You miss something.
You hear some strange, mumbled words.
You hear some strange, mumbled words.
Something hits you but does no damage. Something hits you.
There is a stone staircase leading up here.
Something hits you. x2
* * * LOW HITPOINT WARNING * * *
You climb upwards.
Reactivating autopickup.
There is a stone staircase leading down here.
Casting: Magic Dart (safe; 1% risk of failure)
Confirm with . or Enter, or press ? or * to list all spells.
You can't see any susceptible monsters within range! (Use Z to cast anyway.) Deactivating autopickup; reactivate with Ctrl-A.
You miss something. Something hits you.
* * * LOW HITPOINT WARNING * * *
Casting: Magic Dart (safe; 1% risk of failure)
Confirm with . or Enter, or press ? or * to list all spells.
Aiming: Searing Ray (safe; 2% risk of failure)
Press: ? - help, Shift-Dir - straight line (Press . to maintain the ray.)
You hear some strange, mumbled words.
Pain shoots through your body!
You die...

#.# ##†##...#.###.#.
#.# #.##...#.###.#.
#.# #..#####.....#.
##.######..## #...>...
#...........###.......
#.........#...........
#....................÷
#..........####.......
#...{@....## #.......
#)........# #.......
#.........# ########
###########


There were no monsters in sight!

Vanquished Creatures
  2 adders (D:2)
  A worm (D:2)
  A ball python (D:1)
  2 endoplasms (D:2)
  A giant cockroach (D:2)
  2 hobgoblins
  2 kobolds
  4 quokkas
  5 bats
  2 frilled lizards (D:1)
  2 goblins
  4 rats
28 creatures vanquished.

Notes
Turn   | Place    | Note
-------+----------+-------------------------------------------
     0 | D:1      | brightshaft the Demigod Conjurer began the quest for the
                  | Orb.
     0 | D:1      | Reached XP level 1. HP: 14/14 MP: 5/5
    65 | D:1      | Found Reotsiryint's Distillery.
   460 | D:1      | Reached XP level 2. HP: 19/20 MP: 2/7
   519 | D:1      | Learned a level 2 spell: Searing Ray
   704 | D:2      | Reached skill level 4 in Conjurations
   935 | D:2      | Reached XP level 3. HP: 26/26 MP: 3/9
  1188 | D:2      | Noticed Jessica
  1219 | D:1      | Killed from afar by Jessica

Illustrated notes

Levels and vault maps discovered:
D:1:      scummos_arrival_forest, layout_rooms, serial_shops, shop
D:2:      layout_rooms, basic_altar, uniq_jessica

Skill      XL: |  1  2 |
---------------+-------+-----
Spellcasting   | 2 |  2.3
Conjurations   | 4 |  4.4
Dodging        | |  1.8
Stealth        | |  1.9

Action                   || total
-------------------------++-------
Melee: Unarmed           ||     2
 Cast: Magic Dart        ||    65
       Searing Ray       ||     1
Armor: Robe              ||     3
Dodge: Dodged            ||     2
